 Dungeon Crawl Stone Soup version 0.20-a0-2-g2b0e13a (console) character file.

5637 brucemayne the Grappler (level 10, -4/96 HPs)
             Began as a Troll Monk on Oct 28, 2016.
             Was an Elder of Cheibriados.
             Slain by a yak (14 damage)
             ... on level 10 of the Dungeon.
             The game lasted 00:15:31 (2509 turns).

brucemayne the Grappler (Troll Monk)                Turns: 2509, Time: 00:15:32

Health: -4/96      AC:  6    Str: 37    XL:     10   Next: 46%
Magic:  12/12      EV: 10    Int: 17    God:    Cheibriados [****..]
Gold:   226        SH: 14    Dex: 24    Spells: 0 memorised, 9 levels left

rFire  . . .     SeeInvis .       - Unarmed
rCold  . . .     Gourm    +     a - +0 robe
rNeg   . . .     Faith    +     q - +1 shield
rPois  .         Spirit   .     (helmet restricted)
rElec  .         Reflect  .     j - +0 cloak
rCorr  .         Harm     .     (gloves unavailable)
MR     .....                    (boots unavailable)
Stlth  +.........               F - amulet of faith
                                B - +6 ring of strength (curse)
                                D - ring of loudness (curse)

@: very slow
A: unfitting armour, claws 3, fast metabolism 3, gourmand, regeneration 1,
shaggy fur 1, tough skin 2
a: Bend Time, Temporal Distortion, Slouch, Renounce Religion


You were on level 10 of the Dungeon.
You worshipped Cheibriados.
Cheibriados was greatly pleased with you.
You were not hungry.

You visited 2 branches of the dungeon, and saw 12 of its levels.

You collected 226 gold pieces.

Inventory:

Missiles
 p - a throwing net (quivered)
Armour
 a - a +0 robe (worn)
 j - a +0 cloak (worn)
 q - a +1 shield (worn)
Jewellery
 c - a +1 ring of protection
 B - a cursed +6 ring of strength (right claw)
 D - a cursed ring of loudness (left claw)
 F - an amulet of faith (around neck)
Wands
 m - a wand of flame (23/48)
 E - a wand of lightning (13/15)
Scrolls
 d - a scroll of identify
 h - a scroll of amnesia
 i - a scroll of vulnerability
 o - 2 scrolls of teleportation
 s - a scroll of noise
 u - a scroll of immolation
Potions
 e - a potion of cure mutation {unknown}
 g - a potion of mutation {unknown}
 k - 2 potions of lignification
 l - a potion of heal wounds {unknown}
 n - a potion of degeneration {unknown}
 w - 2 potions of brilliance
 z - a potion of flight {unknown}
 G - a potion of magic {unknown}
Comestibles
 b - 3 bread rations
 f - 3 beef jerkies
 t - a royal jelly
 x - 2 fruits


   Skills:
 - Level 5.0 Fighting
 - Level 2.4 Dodging
 - Level 1.0 Stealth
 + Level 6.1 Shields
 + Level 11.8 Unarmed Combat
 + Level 4.6 Invocations


You had 9 spell levels left.
You didn't know any spells.

Dungeon Overview and Level Annotations

Branches:
Dungeon (11/15)            Temple (1/1) D:7
   Lair: D:8-11         Orc: D:9-12

Altars:
Ashenzari
Cheibriados
Dithmenos
Elyvilon
Gozag
Kikubaaqudgha
Makhleb
Nemelex Xobeh
Ru
Trog
Uskayaw
Vehumet
Zin
The Shining One

Shops:
D:4 *

Annotations:
D:4 motku112's ghost, amateur DrCj
D:7 brucemayne's ghost, amateur TrMo


Innate Abilities, Weirdness & Mutations

You are too large for most types of armour.
You have claws for hands.
Your metabolism is lightning-fast.
You like to eat raw meat.
Your natural rate of healing is unusually fast.
You are covered in fur. (AC +1)
You have very tough skin. (AC +2)


Message History

The yak gores you.
Unknown command.
You claw the hill giant!
The hill giant is almost dead.
You block the hill giant's attack. The yak gores you.
Unknown command.
You scratch the hill giant.
The hill giant is almost dead.
The hill giant hits you with a giant club!!
* * * LOW HITPOINT WARNING * * *
Unknown command.
Okay, then.
You scratch the hill giant.
You kill the hill giant!
Cheibriados thoroughly appreciates the change of pace.
Your Shields skill increases to level 6!
You block the yak's attack.
Unknown command.
You feel better. The yak gores you!
You die...

.#.. ###.#
######
.#o..##....#
...#Y.'.#..#####
#[###.'........#
...#.Z)....###.#
.#.C.##o#..# #.#
### ##Y....# #.#
. #@Zo...# #.#
######.# #.###
..# #...# ###
###.# ####.###
#<.....#
#.##>#.#
#.##.#.#
#.##...#


You could see a yak, 2 orcs and a bullfrog skeleton.

Vanquished Creatures
  2 hill giants (D:10)
  The ghost of Slowdrip the Slicer, a novice VSGl of Trog (D:11)
  Psyche (D:8)
  Prince Ribbit (D:8)
  A hippogriff (D:8)
  Sigmund (D:3)
  Eustachio (D:6)
  4 yaks (D:9)
  A hungry ghost (D:9)
  A steam dragon (D:8)
  Menkaure (D:6)
  A water moccasin (D:8)
  2 orc warriors
  A black bear (D:10)
  2 ice beasts
  2 phantoms
  2 centaurs
  A wyvern zombie (D:11)
  2 bullfrogs
  A gnoll sergeant (D:7)
  A wyvern skeleton (D:11)
  3 wights (D:8)
  2 crimson imps (D:9)
  A jelly (D:8)
  4 hounds
  4 orc priests
  A quasit (D:8)
  A gnoll shaman (D:3)
  2 bullfrog skeletons (D:4)
  An iguana (D:7)
  3 orc wizards
  6 worker ants
  2 killer bee zombies
  Robin (D:1)
  10 gnolls
  4 adders
  2 shadow imps
  2 adder skeletons
  An adder zombie (D:7)
  4 dart slugs
  4 leopard geckos
  22 orcs
  3 giant cockroaches
  14 goblins
  9 hobgoblins
  3 jackals (D:3)
  4 kobolds
  2 quokkas
  4 bats
  6 frilled lizards (D:1)
  4 rats
159 creatures vanquished.

Vanquished Creatures (others)
  An orc (D:8)
1 creature vanquished.

Grand Total: 160 creatures vanquished

Notes
Turn   | Place    | Note
-------+----------+-------------------------------------------
     0 | D:1      | brucemayne the Troll Monk began the quest for the Orb.
     0 | D:1      | Reached XP level 1. HP: 22/22 MP: 0/0
   114 | D:1      | Reached XP level 2. HP: 25/29 MP: 1/1
   222 | D:1      | Reached skill level 4 in Unarmed Combat
   230 | D:2      | Noticed Robin
   234 | D:1      | Reached XP level 3. HP: 29/36 MP: 2/2
   241 | D:1      | Killed Robin
   441 | D:3      | Reached XP level 4. HP: 41/44 MP: 3/3
   455 | D:3      | Reached skill level 5 in Unarmed Combat
   457 | D:3      | Noticed Sigmund
   554 | D:3      | Killed Sigmund
   554 | D:3      | Reached skill level 6 in Unarmed Combat
   554 | D:3      | Reached XP level 5. HP: 30/50 MP: 4/4
   590 | D:3      | Reached XP level 6. HP: 58/59 MP: 5/5
   602 | D:3      | Reached skill level 7 in Unarmed Combat
   703 | D:3      | Found a snail-covered altar of Cheibriados.
   794 | D:4      | Found Itwuthis's General Store.
   859 | D:4      | Noticed motku112's ghost (amateur DrCj)
   871 | D:5      | Entered Level 5 of the Dungeon
   914 | D:6      | Noticed Menkaure
  1073 | D:6      | Killed Menkaure
  1073 | D:6      | Reached skill level 8 in Unarmed Combat
  1073 | D:6      | Reached XP level 7. HP: 66/66 MP: 6/6
  1191 | D:5      | Reached skill level 9 in Unarmed Combat
  1227 | D:6      | Noticed Eustachio
  1254 | D:6      | Killed Eustachio
  1330 | D:7      | Found a staircase to the Ecumenical Temple.
  1339 | Temple   | Entered the Ecumenical Temple
  1640 | Temple   | Became a worshipper of Cheibriados the Contemplative
  1640 | Temple   | Reached * piety under Cheibriados
  1640 | Temple   | Reached ** piety under Cheibriados
  1717 | D:8      | Reached XP level 8. HP: 44/74 MP: 7/7
  1757 | D:8      | Found a hide-covered altar of Uskayaw.
  1768 | D:8      | Noticed an orange demon
  1777 | D:8      | Reached skill level 1 in Shields
  1786 | D:8      | Noticed an orange demon
  1834 | D:8      | Found a burning altar of Makhleb.
  1834 | D:8      | Noticed an orange demon
  1877 | D:8      | Noticed a hippogriff
  1884 | D:8      | Reached skill level 10 in Unarmed Combat
  1890 | D:8      | Killed a hippogriff
  1939 | D:7      | HP: 2/78 [gnoll/spear (2)]
  1951 | D:7      | Reached *** piety under Cheibriados
  1980 | D:7      | Noticed brucemayne's ghost (amateur TrMo)
  1995 | D:8      | Reached XP level 9. HP: 42/85 MP: 8/8
  2007 | D:8      | Noticed Prince Ribbit
  2014 | D:8      | Killed Prince Ribbit
  2066 | D:8      | Noticed Psyche
  2141 | D:8      | Reached skill level 5 in Fighting
  2209 | D:9      | Reached skill level 1 in Invocations
  2283 | D:9      | Reached skill level 11 in Unarmed Combat
  2293 | D:9      | Reached **** piety under Cheibriados
  2296 | D:9      | Reached skill level 5 in Shields
  2317 | D:9      | Found a glowing golden altar of the Shining One.
  2387 | D:8      | Killed Psyche
  2402 | D:10     | Entered Level 10 of the Dungeon
  2432 | D:11     | Noticed Slowdrip's ghost (novice VSGl)
  2439 | D:11     | Reached XP level 10. HP: 91/96 MP: 11/11
  2445 | D:11     | Killed Slowdrip's ghost
  2448 | D:11     | Noticed a manticore
  2473 | D:10     | Noticed a hill giant
  2479 | D:10     | Noticed a hill giant
  2484 | D:10     | Killed a hill giant
  2507 | D:10     | HP: 3/96 [hill giant/giant club (32)]
  2508 | D:10     | Killed a hill giant
  2509 | D:10     | Slain by a yak

Vault maps used:
D:1:      shiori_shiawase
D:2:      lemuel_doored_altar, first_bread, minmay_box_of_dots, uniq_robin
D:3:      fedhas_altar_3, old_standard_altar, makhleb_blood_cavern_becter,
          kennysheep_slug_shrine, uniq_sigmund
D:4:      tgw_sif, serial_shops, nicolae_shop_trees
D:6:      lemuel_ratsnest, uniq_menkaure, uniq_eustachio
D:7:      serial_shops, shop, grunt_ogre_cave, uniq_pikel
D:8:      overflow_temple_1_default, grunt_qazlal_clouds, lair_0_dummy,
          lemuel_hellish_altar, uniq_prince_ribbit1, uniq_psyche
D:9:      lemuel_round_altar, overflow_temple_1_default, tso_metal_star
D:10:     kennysheep_kite_vault
D:11:     st_stairs_5, mrwooster_statue_mirror
Temple:   minmay_temple_forest_path

Skill      XL: |  1  2  3  4  5  6  7  8  9 10 |
---------------+-------------------------------+-----
Unarmed Combat | 4 6 8 9 10 11 | 11.8
Shields        | 3 5 6 |  6.1
Fighting       | 4 5 |  5.0
Invocations    | 3 4 |  4.6
Dodging        | |  2.4
Stealth        | |  1.0

Action                   |  1- 3 |  4- 6 |  7- 9 | 10-12 || total
-------------------------+-------+-------+-------+-------++-------
Melee: Unarmed           |   100 |   104 |   227 |    39 ||   470
       Punch             |     2 |     2 |     3 |       ||     7
Evoke: Wand              |       |       |     4 |       ||     4
  Use: Potion            |       |       |     2 |     1 ||     3
       Scroll            |       |       |    10 |       ||    10
 Stab: Sleeping          |       |     1 |     1 |       ||     2
       Distracted        |       |       |     1 |       ||     1
  Eat: Chunk             |     1 |     4 |     4 |       ||     9
       Beef jerky        |       |     1 |       |       ||     1
       Fruit             |       |       |     1 |     1 ||     2
       Meat ration       |       |       |     1 |       ||     1
Armor: Robe              |    42 |    28 |    56 |     5 ||   131
       Skin              |       |       |     8 |       ||     8
Dodge: Dodged            |    54 |    43 |    69 |    13 ||   179
Block: Shield            |       |       |    85 |    27 ||   112
